 Dungeon Crawl Stone Soup version 0.29.1-1-gd02db69 (webtiles) character file.

Game seed: 12504130175548240728

91 Timinator the Insei (level 4, -2/52 HPs)
             Began as a Demigod Transmuter on Dec 18, 2022.
             Slain by a scorpion (3 damage)
             ... on level 2 of the Dungeon.
             The game lasted 00:11:38 (2529 turns).

Timinator the Insei (Demigod Transmuter)            Turns: 2529, Time: 00:11:39

Health: -2/52      AC: 22    Str: 11    XL:     4   Next: 11%
Magic:  9/9        EV:  2    Int: 15    God:
Gold:   39         SH:  0    Dex: 18    Spells: 6/7 levels left

rFire   . . .      SeeInvis .     - Unarmed
rCold   . . .      Faith    .   (no shield)
rNeg    . . .      Spirit   .   (body armour currently unavailable)
rPois   +          Reflect  .   (helmet currently unavailable)
rElec   .          Harm     .   (cloak currently unavailable)
rCorr   .          Rampage  .   (gloves currently unavailable)
Will    .....      NoTele   +   (boots currently unavailable)
Stlth   ++........              (no amulet)
HPRegen 0.17/turn               (no ring)
MPRegen 0.11/turn               (no ring)

@: lethally poisoned (-2 -> -9), tree-form
A: stationary, stasis, torment immunity, boosted hp, high MP 1, forlorn, divine
attributes
a: no special abilities


You were on level 2 of the Dungeon.
You were a tree.
You visited 1 branch of the dungeon, and saw 3 of its levels.

You collected 93 gold pieces.
You spent 54 gold pieces at shops.

Inventory:

Hand Weapons
 o - a +0 falchion of electrocution
Armour
 a - a +0 pair of boots
 h - a +0 ring mail (melded)
Potions
 c - a potion of berserk rage
 d - a potion of heal wounds {unknown}
 e - a potion of brilliance {unknown}
 f - a potion of attraction {unknown}
 g - a potion of might {unknown}
 i - a potion of haste {unknown}
 k - a potion of curing {unknown}
 m - a potion of flight {unknown}
 n - a potion of resistance {unknown}


   Skills:
 * Level 1.4 Fighting
 * Level 0.1 Armour
 * Level 2.6 Dodging
 - Level 0.1 Stealth
 + Level 3.6 Unarmed Combat
 + Level 2.0 Spellcasting
 + Level 2.1 Transmutations


You had 6 spell levels left.
You knew the following spells:

 Your Spells              Type           Power      Damage    Failure   Level
a - Beastly Appendage     Tmut           16%        N/A       9%          1

Your spell library contained the following spells:

 Spells                   Type           Power      Damage    Failure   Level
 Sting                    Tmut/Pois      16%        1d3       14%         1
 Wereblood                Tmut           8%         N/A       14%         2
 Foxfire                  Conj/Fire      4%         2x1d4     22%         1
 Necrotise                Necr           4%         1d4       22%         1
 Blink                    Tloc           2%         N/A       32%         2
 Poisonous Vapours        Pois/Air       2%         N/A       32%         2
 Spider Form              Tmut/Pois      4%         N/A       38%         3
 Conjure Flame            Conj/Fire      1%         6-21      54%         3
 Inner Flame              Hex/Fire       1%         N/A       54%         3
 Vampiric Draining        Necr           1%         2d6       54%         3
 Ice Form                 Ice/Tmut       4%         N/A       80%         4
 Flame Wave               Conj/Fire      1%         2d4       91%         4
 Olgreb's Toxic Radiance  Pois           1%         N/A       91%         4
 Agony                    Necr           1%         N/A       99%         5
 Manifold Assault         Tloc           1%         N/A       99%         5
 Storm Form               Tmut/Air       2%         N/A       100%        7


Dungeon Overview and Level Annotations

Branches:
Dungeon (3/15)

Shops:
D:1 [(((*


Innate Abilities, Weirdness & Mutations

You are a tree.
Your roots penetrate the ground, keeping you stationary.
You cannot be teleported.
You are immune to unholy pain and torment.
Your maximum health is greatly increased.
Your equipment is partially melded.
You have an increased reservoir of magic. (+10% MP)
You shall have no god before yourself.
Your divine heritage dramatically boosts your attributes as you level up.


Message History

As you read the scroll labelled FOF DY AQED, it crumbles to dust.
The creatures around you are filled with an inner flame!
It was a scroll of immolation.
There is an open door here.
Casting: Beastly Appendage (safe; 22% risk of failure)
Confirm with . or Enter, or press ? or * to list all spells.
You grow a pair of large bovine horns.
Your feet morph into talons.
You hit the hobgoblin.
Flame seeps out of the hobgoblin.
The hobgoblin is heavily wounded.
The hobgoblin is engulfed in blazing flames.
The hobgoblin explodes!
The fiery explosion engulfs you!!
Ouch! That really hurt!
* * * LOW HITPOINT WARNING * * *
A scorpion comes into view.
You see here a rat corpse.
Your transformation is almost over.
There is a stone staircase leading up here.
The scorpion closely misses you.
You climb upwards.
There is a stone staircase leading down here.
You hit the scorpion but do no damage.
You claw the scorpion, but do no damage.
The scorpion stings you.
* * * LOW HITPOINT WARNING * * *
You are lethally poisoned!
The scorpion poisons you!
Really quaff the potion of lignification?
Uppercase [Y]es or [N]o only, please.
Really quaff the potion of lignification?
Your horns disappear.
Your talons disappear.
You turn into a tree.
Your +0 ring mail melds into your body.
Your roots penetrate the ground.
* * * LOW HITPOINT WARNING * * *
You feel very sick.
The scorpion stings you but does no damage.
You hit the scorpion but do no damage.
* * * LOW HITPOINT WARNING * * *
You feel sick. The scorpion stings you.
You die...

#.# #...(.# #.# #.. #.#
#.....#####.### #..
#####.###.............########..
#............[#####........†....
#.##..#####.#.# ###########...
#.##.## #.#.# #... #†##.# #.#.#
#... #.##.# #.#.####### #...
#.##.# #.#..♣s...# ##.. #.##.#
#.#######.# #.. #.##.# #.#
#.##########.. #.##.# #.#
#............. #.##.# #[#
#############. ##.##.### #[# #.
#.......####)## ##.
##.##.#....#..####### ##..
####.#.............##########..#


You could see a scorpion.

Vanquished Creatures
  2 gnolls
  An adder (D:2)
  A worm (D:2)
  3 dart slugs
  7 ball pythons
  5 bats
  5 endoplasms
  5 goblins
  4 hobgoblins
  2 jackals (D:2)
  2 quokkas (D:1)
  4 frilled lizards
  3 kobolds
  8 rats
52 creatures vanquished.

Notes
Turn   | Place    | Note
-------+----------+-------------------------------------------
     0 | D:1      | Timinator the Demigod Transmuter began the quest for the
                  | Orb.
     0 | D:1      | Reached XP level 1. HP: 15/15 MP: 5/5
   274 | D:1      | Found Ughatsij's Antique Weapon Emporium.
   283 | D:1      | Reached skill level 3 in Unarmed Combat
   332 | D:1      | Reached skill level 1 in Fighting
   373 | D:1      | Reached XP level 2. HP: 22/23 MP: 5/7
   643 | D:1      | Found Jucuily's Assorted Antiques.
   710 | D:1      | Found Kucsoti's Weapon Shoppe.
   801 | D:1      | Learned a level 2 spell: Wereblood
   823 | D:1      | Found Korytiroi's Weapon Boutique.
   864 | D:1      | Bought a fuming blue potion for 27 gold pieces
   864 | D:1      | Bought a bubbling grey potion for 27 gold pieces
   969 | D:1      | Reached XP level 3. HP: 22/28 MP: 3/8
  1157 | D:1      | Found Dutydeusei's Armour Shop.
  2325 | D:2      | Reached XP level 4. HP: 19/35 MP: 7/9
  2528 | D:2      | HP: 2/52 [poisoned by a scorpion]
  2529 | D:2      | Slain by a scorpion

Illustrated notes

Levels and vault maps discovered:
D:1:      ncdulo_smallfort, layout_loops_ring, serial_shops,
          nicolae_shop_hallway_stairs, shop, shop, nicolae_shop_statue_plus,
          shop
D:2:      layout_loops_ring, basic_altar, minivault_19
D:3:      layout_basic, good_gods_temple_1, mainiacjoe_overflow_tiny_flanked,
          cheibrodos_sewer_entry_sluice

Skill      XL: |  1  2 |
---------------+-------+-----
Unarmed Combat | 3 |  3.6
Fighting       | 1 |  1.4
Dodging        | 2 |  2.6
Transmutations | 2 |  2.1
Spellcasting   | 2 |  2.0
Armour         | |  0.1
Stealth        | |  0.1

Action                   |  1- 3 |  4- 6 || total
-------------------------+-------+-------++-------
Melee: Unarmed           |   131 |     4 ||   135
       Kick              |    17 |     1 ||    18
       Headbutt          |    11 |       ||    11
       Punch             |     3 |       ||     3
 Cast: Beastly Appendage |    27 |     2 ||    29
       Wereblood         |     1 |       ||     1
  Use: Scroll            |     1 |     2 ||     3
       Potion            |       |     1 ||     1
Armor: Robe              |     6 |       ||     6
       Ring mail         |    16 |       ||    16
       Skin              |       |     1 ||     1
Dodge: Dodged            |    88 |     1 ||    89
